 Dungeon Crawl Stone Soup version 0.23-a0-841-g41928f0 (webtiles) character file.

84 robertstho the Firebug (level 4, -1/24 HPs)
             Began as a Deep Elf Fire Elementalist on Jan 25, 2019.
             Killed from afar by an orc wizard (10 damage)
             ... with a puff of flame
             ... on level 2 of the Dungeon.
             The game lasted 00:03:52 (1771 turns).

robertstho the Firebug (Deep Elf Fire Elementalist) Turns: 1771, Time: 00:03:52

Health: -1/24      AC:  6    Str:  5    XL:     4   Next: 23%
Magic:  2/12       EV: 13    Int: 21    God:
Gold:   111        SH:  0    Dex: 15    Spells: 10/11 levels left

rFire    . . .     SeeInvis .   g - +0 short sword
rCold    . . .     Gourm    .   (no shield)
rNeg     . . .     Faith    .   a - +0 robe
rPois    +         Spirit   .   (no helmet)
rElec    .         Reflect  .   (no cloak)
rCorr    .         Harm     .   (no gloves)
MR       .....                  s - +0 pair of boots
Stlth    ++........             (no amulet)
HPRegen  0.08/turn              n - +3 ring of protection
MPRegen  0.13/turn              r - ring of poison resistance

@: no status effects
A: no striking features
a: no special abilities


You were on level 2 of the Dungeon.
You were hungry.

You visited 1 branch of the dungeon, and saw 2 of its levels.

You collected 111 gold pieces.

Inventory:

Hand Weapons
 g - a +0 short sword (weapon)
 h - a +0 whip
Missiles
 i - 10 javelins (quivered)
Armour
 a - a +0 robe (worn)
 s - a +0 pair of boots (worn)
Jewellery
 n - a +3 ring of protection (left hand)
 r - a ring of poison resistance (right hand)
Scrolls
 b - a scroll of fog {unknown}
 d - 2 scrolls of teleportation {unknown}
 e - 2 scrolls of random uselessness {unknown}
 f - a scroll of noise {unknown}
 j - 3 scrolls of fear {unknown}
 k - a scroll of remove curse {unknown}
 p - a scroll of enchant armour {unknown}
Potions
 m - a potion of cancellation {unknown}
 o - a potion of mutation {unknown}
 q - a potion of resistance {unknown}
Comestibles
 c - 6 rations


   Skills:
 + Level 0.1 Fighting
 + Level 2.6 Dodging
 + Level 2.8 Stealth
 + Level 0.1 Unarmed Combat
 + Level 4.4 Spellcasting
 + Level 1.2 Conjurations
 * Level 4.4 Fire Magic


You had 10 spell levels left.
You knew the following spells:

 Your Spells              Type           Power        Failure   Level  Hunger
a - Flame Tongue          Conj/Fire      ###..        3%          1    None

Your spell library contained the following spells:

 Spells                   Type           Power        Failure   Level  Hunger
 Throw Flame              Conj/Fire      ###...       5%          2    #......
 Conjure Flame            Conj/Fire      ###.....     11%         3    ##.....
 Inner Flame              Hex/Fire       ##......     14%         3    ##.....
 Sticky Flame             Conj/Fire      ###.....     34%         4    ####...
 Fireball                 Conj/Fire      ###.......   69%         5    ######.


Dungeon Overview and Level Annotations

Branches:
Dungeon (2/15)

Altars:


Message History

Press: ? - help, Shift-Dir - straight line, f - hobgoblin
Aim: a hobgoblin, wielding a +0 club The flame tongue misses the hobgoblin.
The hobgoblin throws a stone.
The stone barely misses you.
Casting: Flame Tongue (safe; 3% risk of failure)
Confirm with . or Enter, or press ? or * to list all spells.
Aiming: Flame Tongue (safe; 3% risk of failure)
Press: ? - help, Shift-Dir - straight line, f/p - hobgoblin
Aim: a hobgoblin, wielding a +0 club The flame tongue hits the hobgoblin!
You kill the hobgoblin!
An orc wizard comes into view. It is wielding a +0 dagger.
The orc wizard points at you and mumbles some strange words.
The puff of flame hits you.
Things that are here:
a +0 club; 14 stones; a hobgoblin corpse You butcher the hobgoblin corpse.
The orc wizard points at you and mumbles some strange words.
The puff of flame hits you!
You die...

#.# #.##..#.. .(o
#.##..#.. #.#
#.##..#.. #)#
#..รท>.... #.#
####..... #.# #.##..
#(# #.##.# #
#.####### #.##.#
#.##@......$ ..##.#
#....#############..
#.##.## #......... #
#.# ##.######..
#.######...# ###
#..........#
########...# #####


You could see an orc wizard.

Vanquished Creatures
  An orc priest (D:2)
  A gnoll (D:1)
  2 oozes
  2 worms (D:2)
  An orc (D:2)
  5 giant cockroaches
  5 hobgoblins
  5 kobolds
  2 ball pythons
  3 bats
  3 frilled lizards
  3 rats
33 creatures vanquished.

Notes
Turn   | Place    | Note
-------+----------+-------------------------------------------
     0 | D:1      | robertstho the Deep Elf Fire Elementalist began the quest
                  | for the Orb.
     0 | D:1      | Reached XP level 1. HP: 10/10 MP: 6/6
   569 | D:1      | Reached XP level 2. HP: 13/15 MP: 5/8
  1131 | D:1      | Reached XP level 3. HP: 19/19 MP: 4/9
  1765 | D:2      | Reached XP level 4. HP: 9/24 MP: 4/12
  1771 | D:2      | Killed from afar by an orc wizard

Vault maps used:
D:1:      dpeg_arrival_chambers_temple_mockup
D:2:      bloody_makhleb, first_ration, uniq_crazy_yiuf_cottage

Skill      XL: |  1  2  3 |
---------------+----------+-----
Fire Magic     | 4 |  4.4
Spellcasting   | 4 |  4.4
Fighting       | |  0.1
Dodging        | |  2.6
Stealth        | |  2.8
Unarmed Combat | |  0.1
Conjurations   | |  1.2

Action                   |  1- 3 |  4- 6 || total
-------------------------+-------+-------++-------
Melee: Unarmed           |    20 |       ||    20
       Whip              |     8 |       ||     8
       Short sword       |     7 |       ||     7
 Cast: Flame Tongue      |    54 |     4 ||    58
 Stab: Sleeping          |     1 |       ||     1
  Eat: Chunk             |     2 |       ||     2
Armor: Robe              |    11 |       ||    11
Dodge: Dodged            |    36 |     1 ||    37

Table legend:
 A = Non-vault XP
 B = Vault XP
 C = Vault XP percentage of total XP
 D = Non-vault monster count
 E = Vault monster count
 F = Vault count percentage of total count
                 A         B        C        D         E       F
            +---------+---------+-------+---------+---------+-------
      Total |     120 |       0 |   0.0 |      33 |       0 |   0.0
            +---------+---------+-------+---------+---------+-------
        D:1 |      41 |       0 |   0.0 |      15 |       0 |   0.0
        D:2 |      79 |       0 |   0.0 |      18 |       0 |   0.0
            +---------+---------+-------+---------+---------+-------
